 Dungeon Crawl Stone Soup version 0.27-a0-1256-gced786f65e (webtiles) character file.

Game seed: 3353791852488900849

571 porpoise the Conjurer (level 7, -3/41 HPs)
             Began as a Deep Elf Conjurer on June 11, 2021.
             Slain by Duvessa
             ... wielding a +0 rapier
              (13 damage)
             ... on level 4 of the Dungeon.
             The game lasted 00:12:31 (4353 turns).

porpoise the Conjurer (Deep Elf Conjurer)           Turns: 4353, Time: 00:12:33

Health: -3/41      AC:  7    Str:  4    XL:     7   Next: 12%
Magic:  8/16       EV: 13    Int: 25    God:
Gold:   237        SH:  0    Dex: 13    Spells: 5/16 levels left

rFire    . . .     SeeInvis .   a - +2 quarterstaff (drain)
rCold    . . .     Faith    .   (shield currently unavailable)
rNeg     . . .     Spirit   .   s - +1 animal skin
rPois    .         Reflect  .   r - +0 helmet
rElec    .         Harm     .   p - +2 cloak
rCorr    .         Rampage  .   (no gloves)
Will     .....                  (no boots)
Stlth    ++........             (no amulet)
HPRegen  0.13/turn              w - ring of flight
MPRegen  0.15/turn              (no ring)

@: flying
A: no striking features
a: no special abilities


You were on level 4 of the Dungeon.
You visited 1 branch of the dungeon, and saw 5 of its levels.

You collected 237 gold pieces.

Inventory:

Hand Weapons
 a - a +2 quarterstaff of draining (weapon)
 t - a +0 short sword
 u - a +2 flail of holy wrath
Missiles
 b - 4 boomerangs
 c - 172 stones
 h - 29 bolts
 o - 17 arrows
 q - 20 poisoned darts (quivered)
Armour
 p - a +2 cloak (worn)
 r - a +0 helmet (worn)
 s - a +1 animal skin (worn)
Jewellery
 w - a ring of flight (left hand)
Wands
 m - a wand of charming (10)
 v - a wand of iceblast (15)
Scrolls
 e - a scroll of teleportation {unknown}
 g - a scroll of vulnerability {unknown}
 i - a scroll of amnesia {unknown}
 k - 3 scrolls of identify {unknown}
 x - a scroll of fog {unknown}
Potions
 d - a potion of magic {unknown}
 f - a potion of haste {unknown}
 j - 2 potions of lignification
 l - a potion of curing
 n - a potion of degeneration {unknown}
 z - a potion of attraction {unknown}


   Skills:
 - Level 3.0 Fighting
 + Level 3.5 Dodging
 - Level 2.4 Stealth
 - Level 5.0 Spellcasting
 - Level 7.0 Conjurations
 + Level 2.0 Translocations


You had 5 spell levels left.
You knew the following spells:

 Your Spells              Type           Power      Damage    Failure   Level
a - Magic Dart            Conj           100%       1d8       1%          1
b - Searing Ray           Conj           82%        3d6       1%          2
c - Iskenderun's Mystic   Conj/Tloc      28%        2d7       13%         4
d - Fulminant Prism       Conj/Hex       11%        3d9       19%         4

Your spell library contained the following spells:

 Spells                   Type           Power      Damage    Failure   Level
 Dazzling Flash           Conj/Hex       46%        N/A       6%          3


Dungeon Overview and Level Annotations

Branches:
Dungeon (5/15)
 Temple: D:4-7

Altars:
Kikubaaqudgha
Makhleb
Yredelemnul

Annotations:
D:3 1 runed translucent door
D:4 Duvessa


Message History

The searing ray hits Duvessa but does no damage.
The searing ray hits Dowan!
Dowan is moderately wounded.
The searing ray hits Dowan!
Dowan is almost dead.
Dowan drinks a potion.
Dowan seems to grow stronger.
Duvessa closely misses you.
The searing ray hits Dowan!
You kill Dowan!
Duvessa screams, "No!
How DARE you!"
Duvessa goes berserk!
You finish channeling your searing ray.
Duvessa hits you with a +0 rapier.
Your Translocations skill increases to level 2!
Duvessa hits you with a +0 rapier!! Duvessa hits you with a +0 rapier!
* * * LOW HITPOINT WARNING * * *
You fly upwards.
There is a stone staircase leading down here.
Casting: Searing Ray (safe; 1% risk of failure)
Confirm with . or Enter, or press ? or * to list all spells.
The spell is quite dangerous to cast (13% risk of failure)!
Continue anyway?
You erupt in a blast of force!
The mystic blast hits Duvessa.
Duvessa is lightly wounded.
Duvessa is knocked back by the mystic blast.
Aiming: Iceblast
Press: ? - help, Shift-Dir - straight line, f - Duvessa
Aim: Duvessa, wielding a +0 rapier and wearing a +3 leather armour of willpower (lightly wounded, berserk)
The mass of ice explodes!
The iceblast engulfs Duvessa!
Duvessa is moderately wounded.
Aiming: Charm
Press: ? - help, Shift-Dir - straight line, f/p - Duvessa
Aim: Duvessa, wielding a +0 rapier and wearing a +3 leather armour of willpower (moderately wounded, berserk, chance to affect: 6%)
Okay, then.
Unknown command.
Aiming: Iceblast
Press: ? - help, Shift-Dir - straight line, f/p - Duvessa
Aim: Duvessa, wielding a +0 rapier and wearing a +3 leather armour of willpower (moderately wounded, berserk)
The mass of ice explodes!
The iceblast engulfs Duvessa!
Duvessa is heavily wounded.
Duvessa hits you with a +0 rapier!
You die...

##.#....####...........
#####.#.#.## #........#..
##.[.#...#.# #...........
##..........# #.######...#
#...........#####.# ##....
#.................#####...##
#...........########........
##........e#...............#
##...#....@.########.#.####
###....#..## #........#
#.......#####.#......#
###..................#
##.#...............###
##....................
#..................###
##...#............).#
#....#..............#


You could see Duvessa (berserk).

Vanquished Creatures
  Sigmund (D:4)
  Purgy (D:4)
  A bullfrog (D:4)
  Dowan (D:5)
  Ijyb (D:4)
  An orc wizard (D:4)
  A hound skeleton (D:4)
  Robin (D:3)
  An adder (D:3)
  An adder skeleton (D:4)
  A worm (D:3)
  3 dart slugs
  13 orcs
  6 bats
  5 bat zombies (D:4)
  8 endoplasms
  4 giant cockroaches
  13 goblins
  7 hobgoblins
  4 jackals (D:1)
  9 kobolds
  A quokka (D:3)
  8 ball pythons
  2 frilled lizards
  4 rats
  2 rat zombies (D:4)
100 creatures vanquished.

Notes
Turn   | Place    | Note
-------+----------+-------------------------------------------
     0 | D:1      | porpoise the Deep Elf Conjurer began the quest for the Orb.
     0 | D:1      | Reached XP level 1. HP: 10/10 MP: 6/6
   466 | D:1      | Reached XP level 2. HP: 15/15 MP: 3/8
   515 | D:1      | Learned a level 2 spell: Searing Ray
   744 | D:1      | You fall into a shaft and drop 1 floor!
  1057 | D:1      | Reached XP level 3. HP: 19/19 MP: 5/10
  1101 | D:1      | Reached skill level 5 in Conjurations
  1757 | D:2      | Found a faded altar of an unknown god.
  2635 | D:3      | Reached XP level 4. HP: 24/24 MP: 5/12
  2687 | D:3      | Found a runed translucent door.
  2687 | D:3      | Noticed a human
  2736 | D:3      | Noticed Robin
  2739 | D:3      | Killed Robin
  2775 | D:3      | Reached skill level 5 in Spellcasting
  2780 | D:3      | Learned a level 4 spell: Iskenderun's Mystic Blast
  2785 | D:3      | Learned a level 4 spell: Fulminant Prism
  2966 | D:3      | Found a basalt altar of Yredelemnul.
  3061 | D:3      | Found a burning altar of Makhleb.
  3262 | D:4      | Noticed Ijyb
  3268 | D:4      | Killed Ijyb
  3273 | D:3      | Reached skill level 1 in Fighting
  3369 | D:4      | Reached XP level 5. HP: 29/29 MP: 9/14
  3510 | D:4      | Reached skill level 6 in Conjurations
  3733 | D:4      | Found an ancient bone altar of Kikubaaqudgha.
  3898 | D:4      | Noticed Purgy
  3902 | D:4      | Killed Purgy
  3903 | D:4      | Reached XP level 6. HP: 36/36 MP: 7/15
  4098 | D:4      | Noticed Sigmund
  4106 | D:4      | Killed Sigmund
  4107 | D:4      | Reached skill level 7 in Conjurations
  4271 | D:4      | Reached skill level 1 in Translocations
  4271 | D:4      | Reached XP level 7. HP: 35/41 MP: 9/16
  4344 | D:5      | Entered Level 5 of the Dungeon
  4344 | D:5      | Noticed Duvessa
  4344 | D:5      | Noticed Dowan
  4348 | D:5      | Killed Dowan
  4353 | D:4      | Slain by Duvessa

Illustrated notes

Levels and vault maps discovered:
D:1:      co_arrival_square_in_a_square_in_a_square, layout_basic
D:2:      layout_basic, basic_ecumenical_altar
D:3:      layout_rooms, dk_yredelemnul_ordeal, lightli_temple_of_fire,
          nrook_campfire, chequers_serial_rivers_micro_d, uniq_robin
D:4:      layout_rooms, lemuel_zombie_altar_kikubaaqudgha, minivault_4,
          uniq_ijyb, uniq_sigmund, uniq_purgy
D:5:      layout_basic, minmay_temple_entry_enclosed_plants,
          mrwooster_statue_mirror, chequers_serial_rivers_micro_a,
          hangedman_feature_mirror, grunt_decor_one_mirror, uniq_edmund,
          uniq_duvessa, uniq_pikel, uniq_eustachio

Skill      XL: |  1  2  3  4  5  6  7 |
---------------+----------------------+-----
Spellcasting   | 4 5 |  5.0
Conjurations   | 5 6 7 |  7.0
Fighting       | 1 2 3 |  3.0
Dodging        | 3 |  3.5
Translocations | 1 2 |  2.0
Stealth        | |  2.4

Action                   |  1- 3 |  4- 6 |  7- 9 || total
-------------------------+-------+-------+-------++-------
Melee: Short sword       |     2 |       |       ||     2
       Quarterstaff      |       |     6 |       ||     6
Throw: Dart              |       |    14 |       ||    14
 Cast: Magic Dart        |    67 |    21 |       ||    88
       Searing Ray       |     5 |    29 |     1 ||    35
       Iskenderun's Myst |       |       |     1 ||     1
Evoke: Wand              |       |       |     2 ||     2
  Use: Potion            |       |     2 |       ||     2
Armor: Robe              |     3 |       |       ||     3
       Animal skin       |       |    13 |       ||    13
       Skin              |       |     3 |       ||     3
Dodge: Dodged            |     5 |    19 |     1 ||    25

Table legend: (Time is in decaauts)
 A = Elapsed time spent in this place.
 B = Non-inter-level travel time spent in this place.
 C = Inter-level travel time spent in this place.
 D = Time resting spent in this place.
 E = Time spent auto-exploring this place.
 F = Levels seen in this place.
 G = Mean time per level.
                   A        B        C        D        E       F      G
               +--------+--------+--------+--------+--------+-----+--------+
         Total |   4355 |   4285 |     70 |   1611 |   2104 |   5 |  871.0 |
       Dungeon |   4355 |   4285 |     70 |   1611 |   2104 |   5 |  871.0 |
               +--------+--------+--------+--------+--------+-----+--------+

Top non-repeatable levels by time:
     D:1: 1479 daAuts
     D:4: 992 daAuts
     D:3: 947 daAuts
     D:2: 930 daAuts
     D:5: 5 daAuts
